 Dungeon Crawl Stone Soup version 0.28-a0-1594-ga885d4b3d6 (webtiles) character file.

Game seed: 7235412774117739387

7652 southernslant the Skirmisher (level 10, -5/77 HPs)
             Began as a Demonspawn Fighter on Jan 21, 2022.
             Was a Follower of Makhleb.
             Shot with an arrow by a centaur warrior (7 damage)
             ... on level 10 of the Dungeon.
             The game lasted 01:05:49 (12981 turns).

southernslant the Skirmisher (Demonspawn Fighter)  Turns: 12981, Time: 01:05:52

Health: -5/77      AC: 26    Str: 20    XL:     10   Next: 99%
Magic:  14/14      EV: 17    Int:  9    God:    Makhleb [*.....]
Gold:   1169       SH:  5    Dex: 14    Spells: 14/15 levels left

rFire   . . .      SeeInvis .   a - +0 trident
rCold   . . .      Faith    .   c - +0 buckler
rNeg    . . .      Spirit   .   D - +2 acid dragon scales
rPois   .          Reflect  .   M - +2 helmet
rElec   .          Harm     .   (no cloak)
rCorr   +          Rampage  .   G - +2 pair of gloves
Will    .....                   (no boots)
Stlth   ++........              R - amulet of the acrobat
HPRegen 0.22/turn               S - +4 ring of protection
MPRegen 0.14/turn               N - +4 ring of evasion

@: sanguine armoured
A: hooves 1, foul stench 2, powered by death 1, sanguine armour 1
a: Renounce Religion


You were on level 10 of the Dungeon.
You worshipped Makhleb.
Makhleb was aware of your devotion.
You visited 2 branches of the dungeon, and saw 11 of its levels.
You also visited: Sewer and Ossuary.

You collected 1405 gold pieces.
You spent 236 gold pieces at shops.

Inventory:

Hand Weapons
 a - a +0 trident (weapon)
 i - a +1 short sword of flaming
 x - a +1 halberd of distortion
 P - a +4 war axe of freezing
Missiles
 e - 271 stones
 q - 15 poisoned darts
 H - 4 boomerangs (quivered)
Armour
 c - a +0 buckler (worn)
 m - a +0 troll leather armour
 D - +2 acid dragon scales (worn)
 F - an orb of wrath
 G - a +2 pair of gloves (worn)
 M - a +2 helmet (worn)
Jewellery
 w - an amulet of reflection
 I - a ring of fire
 N - a +4 ring of evasion (right hand)
 R - an amulet of the acrobat (around neck)
 S - a +4 ring of protection (left hand)
 T - an amulet of guardian spirit
Wands
 B - a wand of polymorph (1)
 Q - a wand of iceblast (3)
Scrolls
 d - 6 scrolls of immolation
 g - 4 scrolls of magic mapping
 j - a scroll of fear
 k - 4 scrolls of teleportation
 r - a scroll of blinking
 v - 3 scrolls of fog
 C - a scroll of amnesia
 J - a scroll of enchant weapon {unknown}
 L - a scroll of torment {unknown}
Potions
 f - a potion of berserk rage {unknown}
 h - 2 potions of resistance {unknown}
 l - a potion of flight {unknown}
 n - a potion of brilliance
 p - a potion of lignification {unknown}
 s - a potion of cancellation
 t - 3 potions of mutation
 u - a potion of haste
 z - a potion of magic {unknown}
 A - a potion of invisibility
 E - 5 potions of attraction
 O - 2 potions of might


   Skills:
 + Level 6.4 Fighting
 - Level 1.9(4.3) Axes
 * Level 6.0(6.2) Polearms
 - Level 3.7 Throwing
 + Level 5.7 Armour
 + Level 5.7 Dodging
 - Level 2.6 Stealth
 + Level 5.2 Shields
 - Level 3.0 Spellcasting
 - Level 3.0 Conjurations
 * Level 3.0 Fire Magic
 * Level 5.8 Invocations
 + Level 5.0 Evocations


You had 14 spell levels left.
You knew the following spells:

 Your Spells              Type           Power      Damage    Failure   Level
a - Foxfire               Conj/Fire      24%        2x1d5     14%         1

Your spell library contained the following spells:

 Spells                   Type           Power      Damage    Failure   Level
 Static Discharge         Conj/Air       4%         N/A       36%         2
 Conjure Flame            Conj/Fire      6%         6-21      38%         3
 Sting                    Tmut/Pois      4%         1d3       43%         1
 Poisonous Vapours        Pois/Air       2%         N/A       58%         2
 Inner Flame              Hex/Fire       4%         N/A       61%         3
 Flame Wave               Conj/Fire      6%         2d4       80%         4
 Sticky Flame             Conj/Fire      6%         2d3       80%         4
 Dispel Undead            Necr           1%         3d6       99%         4
 Olgreb's Toxic Radiance  Pois           1%         N/A       99%         4
 Lightning Bolt           Conj/Air       2%         1d13      100%        5
 Summon Forest            Summ/Tloc      0%         N/A       100%        5
 Eringya's Noxious Bog    Tmut/Pois      0%         N/A       100%        6
 Summon Hydra             Summ           0%         N/A       100%        7
 Maxwell's Capacitive Co  Air            0%         ∞         100%        8


Dungeon Overview and Level Annotations

Branches:
Dungeon (10/15)            Temple (1/1) D:7           Sewer (visited)
Ossuary (visited)
   Lair: D:8-11         Orc: D:9-12

Altars:
Ashenzari
Cheibriados
Dithmenos
Elyvilon
Fedhas
Gozag
Hepliaklqana
Makhleb
Nemelex Xobeh
Okawaru
Qazlal
Ru
Sif Muna
Uskayaw
Vehumet
Wu Jian
Xom
Yredelemnul
Zin
The Shining One

Shops:
D:2 =   D:5 *   D:7 *

Annotations:
D:9 2 transporters
D:10 Sonja


Innate Abilities, Weirdness & Mutations

You have large cloven feet.
You sometimes emit foul miasma when damaged in melee.
You regenerate a little health from kills.
When seriously injured, your blood forms armour. (AC +6)


Message History

The arrow closely misses the orc priest.
The arrow misses you.
The arrow misses Sonja.
The arrow closely misses the howler monkey.
The howler monkey barely misses you. Sonja blinks at you.
The orc priest barely misses you. x2
It was a potion of brilliance.
You feel clever all of a sudden.
The howler monkey completely misses you.
Sonja blinks!
The orc priest invokes the aid of Beogh against you.
Beogh smites you!
* * * LOW HITPOINT WARNING * * *
The orc priest invokes the aid of Beogh against you.
Beogh smites you!
* * * LOW HITPOINT WARNING * * *
You are too confused!
It was a potion of cancellation.
Your magical effects are unravelling.
You feel magically purged.
You feel yourself slow down.
You flicker back into view.
You feel less confused.
You feel a little less clever now. The howler monkey misses you.
Sonja blinks at you. You resist with almost no effort.
The howler monkey hoots and howls with incredible vigour!
You hear a shout! x2
Blink to where?
Press: ? - help, Dir - move target, p - Sonja
As you read the scroll of blinking, it crumbles to dust.
The centaur shoots an arrow.
The arrow hits you.
* * * LOW HITPOINT WARNING * * *
Blink to where?
Press: ? - help, Dir - move target
Found an escape hatch in the floor.
As you read the scroll of blinking, it crumbles to dust.
The centaur warrior shouts!
The centaur warrior wields a +1 longbow of flaming.
It bursts into flame!
The centaur warrior shoots an arrow.
The arrow hits you!
You die...

#####..#
#§.# #..#
#..# #...
##.## #.#
#.# #@#
#.# #.#
#.>
######
#..
#.....c
c...
#####...#
#...
........#
##.#.
#####...#


You could see a centaur warrior.

Vanquished Creatures
  A two-headed ogre (D:9)
  Pikel (D:8)
  2 trolls
  11 yaks
  2 fire bats
  2 steam dragons (D:8)
  3 water moccasins
  A hornet zombie (D:7)
  3 sky beasts
  2 orc warriors
  A black bear (D:5)
  3 ice beasts
  A centaur (D:7)
  A boggart (D:10)
  2 lemures (D:8)
  2 kobold brigands
  3 bullfrogs
  3 scorpions
  A wyvern zombie (D:8)
  2 wyvern skeletons
  6 killer bees
  3 wights (D:8)
  A crimson imp (D:6)
  A bullfrog zombie (D:5)
  3 centaur zombies
  5 jellies
  3 hounds
  A gnoll shaman (D:8)
  3 human zombies (Ossuary)
  4 orc priests
  Jessica (D:2)
  2 bullfrog skeletons
  3 iguanas
  3 orc wizards
  A hound skeleton (D:4)
  2 mummies (Ossuary)
  3 howler monkey zombies
  Robin (D:2)
  5 gnolls
  10 river rats
  6 adders
  A white imp (D:5)
  3 worms
  4 dart slugs
  18 orcs
  11 ball pythons
  8 bats
  5 endoplasms
  4 giant cockroaches
  13 goblins
  13 hobgoblins
  2 jackals (D:5)
  5 quokkas
  6 frilled lizards
  A goblin zombie (Ossuary)
  A hobgoblin zombie (Ossuary)
  27 kobolds
  3 kobold zombies (Ossuary)
  22 rats
261 creatures vanquished.

Vanquished Creatures (others)
  2 boggarts (D:10)
  An orc wizard (D:10)
  An orc (D:8)
  4 foxfires (D:9)
  53 fungi (D:9)
  52 plants (D:9)
113 creatures vanquished.

Grand Total: 374 creatures vanquished

Notes
Turn   | Place    | Note
-------+----------+-------------------------------------------
     0 | D:1      | southernslant the Demonspawn Fighter began the quest for
                  | the Orb.
     0 | D:1      | Reached XP level 1. HP: 18/18 MP: 1/1
   237 | D:1      | Gained mutation: You may rarely emit foul miasma when
                  | damaged in melee. [demonic ancestry]
   237 | D:1      | Reached XP level 2. HP: 16/24 MP: 2/2
   416 | D:1      | Reached skill level 1 in Dodging
   748 | D:1      | Gained mutation: You regenerate a little health from kills.
                  | [demonic ancestry]
   748 | D:1      | Reached XP level 3. HP: 23/29 MP: 3/3
  1300 | D:2      | Noticed Jessica
  1305 | D:2      | Killed Jessica
  1306 | D:2      | Reached XP level 4. HP: 35/35 MP: 4/4
  1379 | D:2      | Found Ijumef's Jewellery Shop.
  1909 | D:2      | Noticed Robin
  1922 | D:2      | Killed Robin
  1923 | D:2      | Reached skill level 1 in Throwing
  2047 | D:2      | Found a snail-covered altar of Cheibriados.
  2320 | D:3      | Found a glowing drain.
  2341 | D:3      | Reached XP level 5. HP: 41/42 MP: 5/5
  2362 | Sewer    | Entered a sewer
  3189 | Sewer    | Gained mutation: When seriously injured, your blood forms
                  | armour. (AC +6) [demonic ancestry]
  3189 | Sewer    | Reached XP level 6. HP: 31/48 MP: 6/6
  5047 | D:5      | Entered Level 5 of the Dungeon
  5047 | D:5      | Noticed an ice beast
  5062 | D:5      | Killed an ice beast
  5063 | D:5      | Reached skill level 1 in Stealth
  5063 | D:5      | Reached XP level 7. HP: 36/55 MP: 7/7
  5366 | D:5      | Found a shadowy altar of Dithmenos.
  5768 | D:5      | Reached skill level 1 in Spellcasting
  5768 | D:5      | Reached skill level 1 in Evocations
  5971 | D:5      | Gained mutation: You sometimes emit foul miasma when
                  | damaged in melee. [demonic ancestry]
  5971 | D:5      | Reached XP level 8. HP: 60/61 MP: 9/9
  6170 | D:5      | Found Doexihuko's General Store.
  6186 | D:5      | Found a shimmering altar of Xom.
  6264 | D:5      | Bought a scroll of identify for 28 gold pieces
  6418 | D:5      | Found a basalt altar of Yredelemnul.
  6517 | D:6      | Reached skill level 5 in Fighting
  6729 | D:6      | Found a snail-covered altar of Cheibriados.
  7132 | D:6      | Found a burning altar of Makhleb.
  7615 | D:7      | Reached XP level 9. HP: 68/68 MP: 11/11
  7706 | D:7      | Found a sand-covered staircase.
  7715 | Ossuary  | Entered an ossuary
  8268 | D:7      | Found a staircase to the Ecumenical Temple.
  8332 | D:7      | Reached skill level 1 in Fire Magic
  8338 | Temple   | Entered the Ecumenical Temple
  8538 | D:6      | Became a worshipper of Makhleb the Destroyer
  9023 | D:7      | Found Sythut's Assorted Antiques.
  9053 | D:7      | Reached skill level 5 in Armour
  9229 | D:7      | Bought a potion of curing for 78 gold pieces
  9229 | D:7      | Bought an encrusted ivory ring for 130 gold pieces
  9412 | D:7      | Noticed Prince Ribbit
  9419 | D:7      | Noticed Prince Ribbit
  9419 | D:7      | Prince Ribbit changed into Prince Ribbit the river rat
  9428 | D:7      | Killed Prince Ribbit the river rat
  9763 | D:8      | Reached skill level 1 in Conjurations
  9763 | D:8      | Reached skill level 1 in Invocations
 10000 | D:8      | Reached skill level 5 in Dodging
 10006 | D:8      | Reached skill level 1 in Axes
 10030 | D:8      | Reached skill level 5 in Polearms
 10181 | D:8      | Noticed Maurice
 10188 | D:8      | Noticed Maurice
 10188 | D:8      | Maurice changed into Maurice the fire bat
 10201 | D:8      | Killed Maurice the fire bat
 10213 | D:8      | Gained mutation: You have large cloven feet. [demonic
                  | ancestry]
 10213 | D:8      | Reached XP level 10. HP: 31/76 MP: 14/14
 10534 | D:8      | Noticed Pikel
 10582 | D:8      | Killed Pikel
 11246 | D:8      | Learned a level 1 spell: Foxfire
 11469 | D:9      | Found a transporter.
 11469 | D:9      | Found a transporter.
 11483 | D:9      | Identified a scroll of acquirement
 11483 | D:9      | Acquired 846 gold pieces
 11721 | D:9      | Noticed a two-headed ogre
 11737 | D:9      | Killed a two-headed ogre
 12029 | D:9      | Reached * piety under Makhleb
 12196 | D:9      | Noticed a catoblepas
 12254 | D:10     | Entered Level 10 of the Dungeon
 12266 | D:10     | Reached skill level 5 in Shields
 12398 | D:10     | Reached skill level 5 in Invocations
 12526 | D:10     | Noticed a centaur warrior
 12611 | D:10     | Reached skill level 5 in Evocations
 12903 | D:10     | Noticed Sonja
 12904 | D:10     | Noticed Sonja
 12904 | D:10     | Sonja changed into Sonja the golden eye
 12974 | D:10     | Noticed a wizard
 12980 | D:10     | HP: 2/77 [centaur/arrow[an orc priest] (5)]
 12981 | D:10     | Shot with an arrow by a centaur warrior

Illustrated notes

Levels and vault maps discovered:
D:1:      lightli_iron_boxes, layout_loops_ring
D:2:      layout_loops_corners, serial_shops, nicolae_shop_trees, basic_altar,
          eino_tiny_chamber, uniq_jessica, uniq_robin
D:3:      layout_loops_cross, cheibrodos_sewer_entry_sluice
D:4:      layout_rooms, kennysheep_generic_room_3
D:5:      layout_basic, nicolae_overflow_hidden_temple, serial_shops,
          nicolae_stop_n_shop_1
D:6:      layout_gridville, makhleb_grotto_becter, mainiacjoe_overflow_paths,
          kennysheep_mini, kennysheep_doodads, kennysheep_minor_cross
D:7:      layout_layer_cave, temple_green, nicolae_ossuary_entry_monument,
          serial_shops, nicolae_shop_statue_plus, minmay_strange_pillars,
          st_stairs_4, uniq_prince_ribbit1
D:8:      layout_basic, uniq_maurice, uniq_pikel
D:9:      gammafunk_steamed_eel, layout_loops_cross, due_lair_maze_entry_diamond
D:10:     layout_loops_ring, serial_rivers, chequers_serial_rivers_micro_a,
          chequers_serial_rivers_micro_e, chequers_serial_rivers_room_a,
          chequers_serial_rivers_small_3, uniq_sonja
Temple:   nicolae_temple_great_sept

Skill      XL: |  1  2  3  4  5  6  7  8  9 10 |
---------------+-------------------------------+-----
Dodging        | 1 2 3 4 5 |  5.7
Polearms       | 2 3 4 5 6 |  6.0
Shields        | 3 4 5 |  5.2
Armour         | 3 4 5 |  5.7
Throwing       | 1 2 3 |  3.7
Fighting       | 4 5 6 |  6.4
Stealth        | 1 2 |  2.6
Spellcasting   | 1 2 3 |  3.0
Evocations     | 1 3 4 5 |  5.0
Fire Magic     | 1 3 |  3.0
Conjurations   | 2 3 |  3.0
Invocations    | 3 5 |  5.8
Axes           | 1 |  1.9

Action                   |  1- 3 |  4- 6 |  7- 9 | 10-12 || total
-------------------------+-------+-------+-------+-------++-------
Melee: Trident           |   104 |   399 |   402 |   302 ||  1207
       War axe           |       |       |    43 |       ||    43
       Kick              |       |       |       |    90 ||    90
Throw: Stone             |       |     2 |       |       ||     2
       Dart              |       |     8 |    45 |    29 ||    82
       Boomerang         |       |       |    11 |    30 ||    41
       Throwing net      |       |       |       |     1 ||     1
 Cast: Foxfire           |       |       |       |     2 ||     2
Evoke: Wand              |       |       |    25 |    10 ||    35
  Use: Potion            |       |     5 |     1 |     9 ||    15
       Scroll            |       |       |     4 |    15 ||    19
Armor: Scale mail        |    46 |   149 |   126 |    50 ||   371
       Acid dragon scale |       |       |       |    66 ||    66
       Troll leather arm |       |       |       |     1 ||     1
Dodge: Dodged            |    36 |   173 |   141 |   226 ||   576
Block: Buckler           |    21 |    91 |   179 |    87 ||   378
       Reflection        |       |       |     9 |       ||     9

Table legend: (Time is in decaauts)
 A = Elapsed time spent in this place.
 B = Non-inter-level travel time spent in this place.
 C = Inter-level travel time spent in this place.
 D = Time resting spent in this place.
 E = Time spent auto-exploring this place.
 F = Levels seen in this place.
 G = Mean time per level.
                   A        B        C        D        E       F      G
               +--------+--------+--------+--------+--------+-----+--------+
         Total |  13191 |  12836 |    355 |      0 |   9746 |  13 | 1014.7 |
       Dungeon |  11127 |  10772 |    355 |      0 |   8256 |  10 | 1112.7 |
        Temple |    109 |    109 |      0 |      0 |     73 |   1 |  109.0 |
         Sewer |   1572 |   1572 |      0 |      0 |   1138 |   1 | 1572.0 |
       Ossuary |    381 |    381 |      0 |      0 |    279 |   1 |  381.0 |
               +--------+--------+--------+--------+--------+-----+--------+

Top non-repeatable levels by time:
     D:8: 1721 daAuts
     D:7: 1628 daAuts
   Sewer: 1572 daAuts
     D:1: 1315 daAuts
     D:5: 1256 daAuts
     D:6: 1180 daAuts
     D:2: 995 daAuts
     D:9: 828 daAuts
     D:4: 768 daAuts
    D:10: 734 daAuts
     D:3: 697 daAuts
 Ossuary: 381 daAuts
  Temple: 109 daAuts
